 Dungeon Crawl Stone Soup version 0.13-a0-1553-g7307ddf (webtiles) character file.

538 Kae the Sneak (level 6, -2/28 HPs)
             Began as a Spriggan Enchanter on June 10, 2013.
             Slain by an orc warrior
             ... wielding a +0,+1 orcish long sword
              (13 damage)
             ... on Level 4 of the Dungeon.
             The game lasted 00:07:23 (3396 turns).

Kae the Sneak (Spriggan Enchanter)                  Turns: 3396, Time: 00:07:23

HP  -2/28        AC  3     Str  6      XL: 6   Next: 32%
MP  13/18        EV 20     Int 16      God:
Gold 193         SH  0     Dex 17      Spells:  3 memorised,  5 levels left

Res.Fire  : . . .   See Invis. : +   a - +1 dagger (curse) {=f}
Res.Cold  : . . .   Warding    : .   b - +1 robe (curse)
Life Prot.: . . .   Conserve   : .   (shield restricted)
Res.Poison: .       Res.Corr.  : .   (helmet restricted)
Res.Elec. : .       Clarity    : .   (no cloak)
Sust.Abil.: . .     Spirit.Shd : .   (gloves unavailable)
Res.Mut.  : .       Stasis     : .   (boots unavailable)
Res.Rott. : .       Flight     : .   (no amulet)
Saprovore : . . .                    (no ring)
                                     (no ring)

@: very quick, somewhat resistant to hostile enchantments, quite stealthy
A: unfitting armour, see invisible, herbivore 3, speed 3, slow metabolism 2
a: no special abilities


You were on level 4 of the Dungeon.
You were not hungry.

You visited 1 branch of the dungeon, and saw 4 of its levels.

You collected 173 gold pieces.

Inventory:

Hand weapons
 a - a cursed +1,+1 dagger (weapon) {=f}
Missiles
 g - 15 silver darts (quivered)
 i - 71 darts
 k - 3 needles of confusion
 w - 12 poisoned needles
Armour
 b - a cursed +1 robe (worn)
Comestibles
 l - a snozzcumber
 r - a meat ration
 x - 2 bread rations
Scrolls
 d - 3 scrolls of teleportation
 j - 2 scrolls of identify
 n - a scroll of blinking
 p - 2 scrolls of curse jewellery {unknown}
 q - a scroll of remove curse {unknown}
Potions
 f - 3 potions of curing
 h - a potion of magic {unknown}
 o - 2 potions of heal wounds
 t - a potion of restore abilities {unknown}
 v - 3 potions of might
Books
 c - a book of Maledictions

   Spells                             Type                      Level
   *Corona                            Hexes                        1
   Sure Blade                         Hexes/Charms                 2
   *Ensorcelled Hibernation           Hexes/Ice                    2
   *Confuse                           Hexes                        3
   Enslavement                        Hexes                        4
   Invisibility                       Hexes                        6


   Skills:
 - Level 0.4 Fighting
 * Level 2.3 Short Blades
 - Level 1.5 Throwing
 + Level 4.8 Dodging
 + Level 5.4 Stealth
 - Level 1.3 Traps
 + Level 3.1 Spellcasting
 + Level 5.1 Hexes
 - Level 0.8 Ice Magic


You had 5 spell levels left.
You knew the following spells:

 Your Spells              Type           Power        Failure   Level  Hunger
a - Corona                Hex            ###....      2%          1    None
b - Ensorcelled Hibernat  Hex/Ice        ##....       10%         2    ##.....
c - Confuse               Hex            ###.....     10%         3    ###....


Dungeon Overview and Level Annotations

Branches:
Dungeon (4/27)
 Temple: D:4-7

Altars:


Innate Abilities, Weirdness & Mutations

You are tiny and cannot use many weapons and most armour.
You have supernaturally acute eyesight.
You are a herbivore.
You cover ground extremely quickly.
You need consume almost no food.


Message History

Found 2 meat rations, 2 lumpy yellow potions and 15 bolts.
The orc throws an orcish spear.
The orcish spear misses you.
You start resting.
Casting: Ensorcelled Hibernation
Confirm with . or Enter, or press ? or * to list all spells.
Aiming: Ensorcelled Hibernation
Press: ? - help, Shift-Dir - straight line, f/p - orc warrior
Aim: an orc warrior, wielding an orcish long sword and wearing an orcish chain mail (lightly wounded)
The orc warrior easily resists.
Casting: Ensorcelled Hibernation
Confirm with . or Enter, or press ? or * to list all spells.
Aiming: Ensorcelled Hibernation
Press: ? - help, Shift-Dir - straight line, f/p - orc warrior
Aim: an orc warrior, wielding an orcish long sword and wearing an orcish chain mail (lightly wounded)
The orc warrior looks drowsy...
The helpless orc warrior fails to defend itself.
You slash the orc warrior!
The orc warrior is severely wounded.
The orc warrior hits you with an orcish long sword!
You die...

##....................).#
#....#####.##...........#
#....# #.#########.####
#....# #.# #.#
#....#####.# #o#
##.#.......# #.#
#.######### #.#
###[#################.###
................@o....^.#
...##......##########.#.#
...##......# #.#.#
...##.^....# #.#.#
...##......# #.#.#
...##......# #.#.#
...##......# #.#.#
...##..%...# #.#.#
###........# ##.#.#


You could see an orc warrior.

Vanquished Creatures
  A phantom (D:4)
  A hound (D:4)
  A hound skeleton (D:4)
  An iguana (D:4)
  2 worker ants (D:4)
  Jessica (D:3)
  2 adders
  A gnoll (D:1)
  A giant gecko (D:1)
  4 orcs
  2 ball pythons (D:1)
  7 giant cockroaches
  9 hobgoblins
  A jackal (D:3)
  9 kobolds
  2 quokkas
  5 bats
  A giant gecko zombie (D:3)
  3 giant newts
  4 goblins
  18 rats
76 creatures vanquished.

Vanquished Creatures (others)
  A kobold (D:1)
1 creature vanquished.

Grand Total: 77 creatures vanquished

Notes
Turn   | Place    | Note
--------------------------------------------------------------
     0 | D:1      | Kae, the Spriggan Enchanter, began the quest for the Orb.
     0 | D:1      | Reached XP level 1. HP: 9/9 MP: 4/4
    29 | D:1      | Reached skill level 4 in Hexes
   166 | D:1      | Reached XP level 2. HP: 11/13 MP: 6/6
   285 | D:1      | Learned a level 2 spell: Ensorcelled Hibernation
   473 | D:1      | Reached XP level 3. HP: 16/16 MP: 3/9
  1767 | D:3      | Reached XP level 4. HP: 18/21 MP: 7/11
  1898 | D:3      | Noticed Jessica
  1907 | D:3      | Killed Jessica
  2375 | D:4      | Reached XP level 5. HP: 19/24 MP: 7/14
  2466 | D:4      | Reached skill level 1 in Traps
  2563 | D:4      | Reached skill level 5 in Stealth
  2681 | D:4      | Reached skill level 5 in Hexes
  2938 | D:4      | Noticed a phantom
  2945 | D:4      | Learned a level 3 spell: Confuse
  3036 | D:4      | Killed a phantom
  3036 | D:4      | Reached XP level 6. HP: 14/28 MP: 18/18
  3309 | D:4      | Noticed an orc warrior
  3396 | D:4      | Slain by an orc warrior

Action                   |  1- 3 |  4- 6 || total
-------------------------+-------+-------++-------
Melee: Dagger            |   178 |    68 ||   246
Throw: Dart              |    12 |    23 ||    35
 Cast: Ensorcelled Hiber |    14 |    25 ||    39
       Confuse           |       |     1 ||     1
  Use: Scroll            |    12 |     3 ||    15
       Potion            |       |     1 ||     1
 Stab: Sleeping          |    14 |    16 ||    30
       Confused          |       |     2 ||     2
